cohdb
Replays
Latest Replays
All Replays
Popular Replays
Top Player Replays
Match Explorer
How It Works
Community
CoH3 Stats
Reddit
Sign in to upload your games and track your stats! →
Sign in with Steam
Match 42440742
Unlisted
Match 42440742
Overview
Messages
Build Orders
End
Panzergrenadier Squad
Selects Italian Infantry
250 Light Carrier
Panzergrenadier Squad
Construct Light Support Kompanie
MG34 Team
Fire Support Elements
Selects Guastatori Squad
Guastatori Squad
Flakvierling Half-track
Selects Defensive Operations
Selects Territory Booby Traps
Construct Panzerarmee Kommand
Selects Registered Artillery
Panzerjäger Mechanized Group
Panzer III L Medium Tank
Guastatori Squad
Tungsten Core Ammunition
Panzerpioneer Squad
Selects Obice 305mm Barrage
Panzer III L Medium Tank
Panzer III L Medium Tank
Pak 38 Anti-tank Gun Team
A_Smoove
Evonick exe
0
0
Comments
sign in to comment!
No comments posted yet!